 Dungeon Crawl Stone Soup version 0.30-a0-292-g0f741e3f8e (webtiles) character file.

Game seed: 18260341285208901681

4328 funkygono the Basher (level 10, -8/63 HPs)
             Began as a Gargoyle Fighter on Oct 17, 2022.
             Was a Believer of Okawaru.
             Mangled by Grum
             ... wielding a -1 spear
              (23 damage)
             ... in a bailey.
             The game lasted 00:13:31 (6462 turns).

funkygono the Basher (Gargoyle Fighter)             Turns: 6462, Time: 00:13:32

Health: -8/63      AC: 24    Str: 24    XL:     10   Next: 33%
Magic:  10/10      EV:  7    Int:  9    God:    Okawaru [**....]
Gold:   411        SH: 10    Dex:  9    Spells: 9/9 levels left

rFire   . . .      SeeInvis +    a - +1 flail (elec)
rCold   . . .      Faith    .    c - +0 buckler
rNeg    + . .      Spirit   .    k - +0 plate armour
rPois   ∞          Reflect  +    (no helmet)
rElec   +          Harm     .    y - +1 cloak
rCorr   .          Rampage  +    w - +0 pair of gloves
Will    .....                    (no boots)
Stlth   ..........               d - amulet of Imikke {Reflect Rampage Regen+ SH+5}
HPRegen 1.10/turn                o - +4 ring of slaying
MPRegen 0.12/turn                l - ring of see invisible

@: no status effects
A: sickness immunity, AC +7, negative energy resistance 1, electricity
resistance, torment resistance 1, petrification resistance
a: Renounce Religion, Heroism


You were in a bailey.
You worshipped Okawaru.
Okawaru was pleased with you.
You visited 2 branches of the dungeon, and saw 9 of its levels.
You also visited: Bailey.

You collected 411 gold pieces.

Inventory:

Hand Weapons
 a - a +1 flail of electrocution (weapon)
 i - the +3 hand axe "Ciroded" {freeze, rPois Str+2}
   (You found it on level 6 of the Dungeon)

   It freezes those it strikes, dealing additional cold damage.
   It can also slow down cold-blooded creatures.
   Str:       It affects your strength (+2).
   rPois:     It protects you from poison.
 p - a +0 arbalest of flaming
 u - a +0 sling
Armour
 b - a +0 scale mail
 c - a +0 buckler (worn)
 j - a +1 ring mail of poison resistance
 k - a +0 plate armour (worn)
 w - a +0 pair of gloves (worn)
 y - a +1 cloak (worn)
 F - +0 steam dragon scales
Magical Staves
 x - a staff of death
Jewellery
 d - the amulet of Imikke (around neck) {Reflect Rampage Regen+ SH+5}
   (You found it on level 4 of the Dungeon)

   [amulet of reflection]

   It reflects blocked missile attacks.
   Regen:     It increases your rate of health regeneration.
   SH:        It affects your SH (+5).
   Rampage:   It bestows one free step when moving towards enemies.
 l - a ring of see invisible (right hand)
 o - a +4 ring of slaying (left hand)
 q - a +6 ring of intelligence
 t - a ring of protection from fire
 D - a ring of fire
 E - a ring of magical power
Wands
 I - a wand of acid (10)
Scrolls
 e - 2 scrolls of teleportation
 H - 2 scrolls of brand weapon
 J - a scroll of poison
Potions
 f - 6 potions of curing
 g - 5 potions of brilliance
 h - a potion of berserk rage
 m - 2 potions of heal wounds
 r - a potion of mutation
 s - 3 potions of haste
 v - 2 potions of cancellation
 z - 6 potions of attraction
 A - 2 potions of invisibility {unknown}
 B - a potion of degeneration {unknown}
 C - a potion of might
 G - a potion of lignification {unknown}


   Skills:
 + Level 7.1 Fighting
 + Level 10.6 Maces & Flails
 + Level 7.7 Armour
 + Level 1.0 Dodging
 + Level 0.7 Stealth
 + Level 7.0 Shields


You had 9 spell levels left.
You didn't know any spells.
Your spell library contained the following spells:

 Spells                   Type           Power      Damage    Failure   Level
 Magic Dart               Conj           0%         1d3       100%        1
 Poisonous Vapours        Pois/Air       0%         N/A       100%        2
 Searing Ray              Conj           0%         2d4       100%        2
 Mephitic Cloud           Conj/Pois/Air  0%         N/A       100%        3
 Fulminant Prism          Conj/Hex       0%         3d6       100%        4
 Olgreb's Toxic Radiance  Pois           0%         N/A       100%        4
 Ozocubu's Refrigeration  Ice            0%         4d7       100%        7
 Ignition                 Fire           0%         3d3       100%        8
 Cigotuvi's Dreadful Rot  Necr/Pois/Air  Unusable   N/A       N/A         2

Dungeon Overview and Level Annotations

Branches:
Dungeon (8/15)             Temple (1/1) D:6          Bailey (1/1)
   Lair: D:8-11

Altars:
Ashenzari
Cheibriados
Dithmenos
Elyvilon
Fedhas
Gozag
Hepliaklqana
Kikubaaqudgha
Makhleb
Nemelex Xobeh
Okawaru
Ru
Trog
Uskayaw
Vehumet
Wu Jian
Xom
Yredelemnul
Zin
The Shining One

Annotations:
Bailey Grum


Innate Abilities, Weirdness & Mutations

You are immune to sickness and miasma.
Your stone body is resilient. (AC +7)
You are immune to poison.
You resist negative energy. (rN+)
You are resistant to electric shocks. (rElec)
You are resistant to unholy torment.
You are immune to petrification.


Message History

You block the wolf's attack.
Grum hits you from afar with a -1 spear.
The gnoll bouda gazes fiercely through you!
You feel as though you will be weak longer.
You rampage towards the wolf!
You hit the wolf. Lightning courses through the wolf!
The wolf is severely wounded.
You block the wolf's attack.
The gnoll sergeant hits you but does no damage.
You block the gnoll sergeant's attack. The wolf bites you.
Grum points his finger and barks, "Attack!"
Grum hits you with a -1 spear.
The gnoll bouda barks out a call to the hunt!
The gnoll sergeant picks up the pace!
The wolf attacks as you move away! The wolf completely misses you.
The wolf barely misses you. You block the wolf's attack. The wolf bites you.
Grum hits you from afar with a -1 spear!
The gnoll sergeant barely misses you.
Aiming: Corrosive Bolt
Press: ? - help, Shift-Dir - straight line, f - wolf
Aim: a wolf (severely wounded, 53% to hit)
The bolt of acid misses the wolf.
The bolt of acid misses the gnoll sergeant.
The gnoll sergeant is no longer moving quickly.
The wolf completely misses you. The wolf bites you but does no damage.
Grum hits you from afar with a -1 spear.
You block the wolf's attack. The wolf bites you but does no damage.
The gnoll sergeant hits you from afar with a +0 glaive.
You sock the wolf!
The wolf is heavily wounded.
The wolf bites you but does no damage. The wolf barely misses you.
You block Grum's attack.
You closely miss the wolf.
The wolf is heavily wounded.
Your attacks no longer feel as feeble.
The wolf closely misses you. You block the wolf's attack.
The gnoll sergeant hits you from afar with a +0 glaive!
* * * LOW HITPOINT WARNING * * *
Grum hits you from afar with a -1 spear!!
You die...

♣♣..≈..# ##...##....#..≈♣
♣...≈..######.....###'##..≈♣
)......')..#.......#).....≈♣
∩...)..').)'...8...').....≈♣
)......'...#.......#......≈♣
♣...≈..######.....###'##..≈♣
♣...≈..# +. ##...##..))#..≈♣
♣...≈..# #...#####.)...#..≈♣
♣♣..≈..# #...ggh@......#..≈♣
♣♣.≈..# #....g#h.....##..≈♣
♣.≈..# #.8.g.#...8.## ≈♣
♣≈≈.. #############


You could see Grum (strong, swift), 2 gnoll sergeants, 2 wolves and a gnoll
bouda.

Vanquished Creatures
  A two-headed ogre (D:7)
  Sigmund (D:3)
  A shadow (D:7)
  A wyvern (D:8)
  Eustachio (D:6)
  A steam dragon (D:6)
  Menkaure (D:4)
  Duvessa (D:7)
  A sky beast (D:7)
  2 ice beasts
  An orc warrior (D:7)
  2 black bears
  A centaur (D:7)
  2 wolves (Bailey)
  A phantom (D:5)
  2 gnoll sergeants (Bailey)
  A bullfrog (D:7)
  3 scorpions
  8 wights
  Dowan (D:7)
  3 howler monkeys
  5 hounds
  5 jellies
  2 orc priests
  3 gnoll boudas (Bailey)
  7 iguanas
  3 orc wizards
  15 gnolls
  9 adders
  A white imp (D:5)
  An ufetubus (D:5)
  2 dart slugs
  13 orcs
  8 ball pythons
  8 endoplasms
  5 giant cockroaches
  12 goblins
  11 hobgoblins
  10 jackals
  10 kobolds
  4 quokkas
  11 bats
  4 frilled lizards
  4 rats
  2 toadstools (D:7)
191 creatures vanquished.

Vanquished Creatures (others)
  3 fungi (D:7)
  2 toadstools (D:7)
5 creatures vanquished.

Grand Total: 196 creatures vanquished

Notes
Turn   | Place    | Note
-------+----------+-------------------------------------------
     0 | D:1      | funkygono the Gargoyle Fighter began the quest for the Orb.
     0 | D:1      | Reached XP level 1. HP: 14/14 MP: 1/1
   102 | D:1      | Reached XP level 2. HP: 18/19 MP: 2/2
   334 | D:1      | Reached XP level 3. HP: 24/24 MP: 3/3
  1063 | D:2      | Reached XP level 4. HP: 27/29 MP: 4/4
  1184 | D:2      | Reached skill level 3 in Maces & Flails
  1200 | D:2      | You fall into a shaft and drop 1 floor!
  1209 | D:3      | Noticed Sigmund
  1218 | D:3      | Killed Sigmund
  1219 | D:3      | Reached skill level 4 in Maces & Flails
  1219 | D:3      | Reached XP level 5. HP: 22/33 MP: 5/5
  1219 | D:3      | Reached XP level 6. HP: 25/38 MP: 6/6
  1919 | D:3      | Found a glowing golden altar of the Shining One.
  2145 | D:3      | Found a white marble altar of Elyvilon.
  2752 | D:4      | Noticed Menkaure
  2759 | D:4      | Killed Menkaure
  2760 | D:4      | Reached skill level 5 in Maces & Flails
  2768 | D:4      | Reached XP level 7. HP: 24/44 MP: 7/7
  3005 | D:4      | Reached skill level 5 in Armour
  3200 | D:4      | Identified the amulet of Imikke {Reflect Rampage Regen+
                  | SH+5}
  3415 | D:5      | Entered Level 5 of the Dungeon
  3494 | D:5      | Reached skill level 6 in Maces & Flails
  3632 | D:5      | Reached skill level 5 in Fighting
  3634 | D:5      | Reached XP level 8. HP: 44/49 MP: 8/8
  3953 | D:5      | Found an ancient bone altar of Kikubaaqudgha.
  4281 | D:6      | Reached skill level 7 in Maces & Flails
  4317 | D:6      | Identified the +3 hand axe "Ciroded" {freeze, rPois Str+2}
  4405 | D:6      | Noticed Eustachio
  4416 | D:6      | Reached skill level 8 in Maces & Flails
  4461 | D:6      | Found a sparkling altar of Nemelex Xobeh.
  4633 | D:6      | Found a staircase to the Ecumenical Temple.
  4646 | D:6      | Killed Eustachio
  4647 | D:6      | Reached skill level 5 in Shields
  4660 | D:6      | Reached XP level 9. HP: 55/55 MP: 9/9
  4666 | Temple   | Entered the Ecumenical Temple
  4737 | Temple   | Became a worshipper of Warmaster Okawaru
  5057 | D:6      | Found a shimmering altar of Xom.
  5314 | D:7      | Found a burning altar of Makhleb.
  5399 | D:7      | Noticed a two-headed ogre
  5420 | D:7      | Killed a two-headed ogre
  5420 | D:7      | Reached * piety under Okawaru
  5421 | D:7      | Reached skill level 9 in Maces & Flails
  5421 | D:7      | Reached skill level 1 in Dodging
  5533 | D:7      | Reached skill level 10 in Maces & Flails
  5663 | D:7      | Reached XP level 10. HP: 61/61 MP: 10/10
  5664 | D:7      | Reached ** piety under Okawaru
  5910 | D:7      | Noticed Duvessa
  5912 | D:7      | Noticed Dowan
  5925 | D:7      | Killed Duvessa
  5928 | D:7      | Killed Dowan
  6288 | D:8      | Found a flagged portal.
  6301 | Bailey   | Entered a bailey
  6443 | Bailey   | Noticed Grum
  6462 | Bailey   | Mangled by Grum

Illustrated notes

Levels and vault maps discovered:
D:1:      amcnicky_arrival_gap_in_the_tavern_cellar, layout_loops_ring,
          minmay_ruptured
D:2:      layout_basic, chequers_arboretum
D:3:      layout_basic, mainiacjoe_overflow_small_starburst,
          nicolae_tso_swordbearing_angel, skrybe_limestone_x, uniq_sigmund
D:4:      layout_loops_ring, uniq_menkaure
D:5:      layout_basic, kennysheep_little_box
D:6:      layout_cave_pods, kennysheep_mini, nemelex_spade_bored_becter,
          minmay_temple_entry_slanted, uniq_eustachio
D:7:      layout_loops_ring, makhleb_heckhound_becter, minmay_gold_behind_fungi,
          uniq_duvessa
D:8:      layout_gridville, hellmonk_lair_entry_icy, enter_bailey_5
Temple:   nicolae_temple_superstar
Bailey:   bailey_polearm_gnolls_kennysheep, bailey

Skill      XL: |  1  2  3  4  5  6  7  8  9 10 |
---------------+-------------------------------+-----
Maces & Flails | 4 5 6 8 10 | 10.6
Fighting       | 4 5 6 7 |  7.1
Armour         | 4 5 6 7 |  7.7
Shields        | 4 5 6 7 |  7.0
Dodging        | 1 |  1.0
Stealth        | |  0.7

Action                   |  1- 3 |  4- 6 |  7- 9 | 10-12 || total
-------------------------+-------+-------+-------+-------++-------
Melee: Flail             |   144 |   127 |   268 |   118 ||   657
Evoke: Wand              |       |       |       |     1 ||     1
  Use: Scroll            |       |    15 |     3 |     3 ||    21
       Potion            |       |       |     1 |       ||     1
Armor: Scale mail        |    41 |       |       |       ||    41
       Plate armour      |    76 |    97 |   171 |    66 ||   410
Dodge: Dodged            |    67 |    45 |    80 |    39 ||   231
Block: Buckler           |    35 |    32 |   110 |    69 ||   246
       Reflection        |       |       |     2 |       ||     2

Table legend: (Time is in decaauts)
 A = Elapsed time spent in this place.
 B = Non-inter-level travel time spent in this place.
 C = Inter-level travel time spent in this place.
 D = Time resting spent in this place.
 E = Time spent auto-exploring this place.
 F = Levels seen in this place.
 G = Mean time per level.
                   A        B        C        D        E       F      G
               +--------+--------+--------+--------+--------+-----+--------+
         Total |   6541 |   6338 |    203 |    108 |   4507 |  10 |  654.1 |
       Dungeon |   6251 |   6067 |    184 |    108 |   4372 |   8 |  781.4 |
        Temple |    133 |    115 |     18 |      0 |     94 |   1 |  133.0 |
        Bailey |    155 |    155 |      0 |      0 |     41 |   1 |  155.0 |
               +--------+--------+--------+--------+--------+-----+--------+

Top non-repeatable levels by time:
     D:1: 945 daAuts
     D:3: 894 daAuts
     D:7: 887 daAuts
     D:5: 877 daAuts
     D:2: 861 daAuts
     D:6: 831 daAuts
     D:4: 796 daAuts
     D:8: 157 daAuts
  Bailey: 155 daAuts
  Temple: 133 daAuts
